 Dungeon Crawl Stone Soup version 0.21.1-1-g345015f (webtiles) character file.

1665 funkygono the Conjurer (level 9, -6/61 HPs)
             Began as a Human Conjurer on June 18, 2018.
             Was a Follower of Sif Muna.
             Mangled by a two-headed ogre
             ... wielding a cursed +0 giant club
              (14 damage)
             ... on level 6 of the Dungeon.
             The game lasted 00:22:15 (6541 turns).

funkygono the Conjurer (Human Conjurer)             Turns: 6541, Time: 00:22:15

Health: -6/61      AC: 10    Str:  9    XL:     9   Next: 20%
Magic:  13/17      EV: 16    Int: 18    God:    Sif Muna [*.....]
Gold:   232        SH:  0    Dex: 14    Spells: 4/18 levels left

rFire    + . .     SeeInvis .   i - +2 short sword (venom)
rCold    . . .     Gourm    .   (no shield)
rNeg     . . .     Faith    .   h - +2 leather armour {rF+}
rPois    .         Spirit   .   o - +0 hat
rElec    .         Reflect  .   (no cloak)
rCorr    .         Harm     .   u - +0 pair of gloves
MR       .....                  (no boots)
Stlth    ++........             (no amulet)
HPRegen  0.20/turn              p - +2 ring of protection
MPRegen  0.15/turn              m - +3 ring of evasion

@: no status effects
A: slimy green scales 1, mutation resistance 1
a: Divine Energy, Renounce Religion


You were on level 6 of the Dungeon.
You worshipped Sif Muna.
Sif Muna was aware of your devotion.
You were not hungry.

You visited 1 branch of the dungeon, and saw 6 of its levels.

You collected 232 gold pieces.

Inventory:

Hand Weapons
 i - a +2 short sword of venom (weapon)
Armour
 a - a +0 robe
 h - a +2 leather armour of fire resistance (worn)
 o - a +0 hat (worn)
 q - a +0 robe of magic resistance
 u - a +0 pair of gloves (worn)
Jewellery
 m - a +3 ring of evasion (right hand)
 p - a +2 ring of protection (left hand)
Wands
 d - a wand of flame (23)
 t - a wand of random effects (33)
Scrolls
 f - 2 scrolls of teleportation
 k - a scroll of amnesia
 s - 2 scrolls of remove curse
Potions
 e - 4 potions of curing
 g - 5 potions of flight
 j - a potion of brilliance
 n - 2 potions of ambrosia
 r - a potion of magic
Books
 b - a book of Conjurations

   Spells                             Type                      Level
   a - Magic Dart                     Conjuration                  1
   b - Searing Ray                    Conjuration                  2
   c - Dazzling Spray                 Conjuration/Hexes            3
   d - Fulminant Prism                Conjuration/Hexes            4
   e - Force Lance                    Conjuration/Translocation    4
   f - Iskenderun's Mystic Blast      Conjuration                  4
 v - a book of Maledictions

   Spells                             Type                      Level
   a - Corona                         Hexes                        1
   b - Ensorcelled Hibernation        Hexes/Ice                    2
   c - Confuse                        Hexes                        3
   d - Tukima's Dance                 Hexes                        3
   e - Dazzling Spray                 Conjuration/Hexes            3
Comestibles
 c - 12 rations
 l - 5 chunks of flesh


   Skills:
 + Level 2.3 Fighting
 + Level 4.4 Short Blades
 + Level 3.1 Armour
 + Level 3.8 Dodging
 + Level 3.7 Stealth
 + Level 5.4 Spellcasting
 + Level 6.8 Conjurations
 + Level 0.3 Hexes


You had 4 spell levels left.
You knew the following spells:

 Your Spells              Type           Power        Failure   Level  Hunger
a - Magic Dart            Conj           ####         1%          1    None
b - Searing Ray           Conj           ####..       1%          2    #......
c - Dazzling Spray        Conj/Hex       ###...       12%         3    ##.....
d - Iskenderun's Mystic   Conj           ####....     10%         4    ####...
e - Fulminant Prism       Conj/Hex       ###.......   36%         4    ####...


Dungeon Overview and Level Annotations

Branches:
Dungeon (6/15)
 Temple: D:4-7

Altars:
Sif Muna
Vehumet
Zin

Shops:
D:4 %   D:5 [


Innate Abilities, Weirdness & Mutations

You are partially covered in slimy green scales. (AC +2)
You are somewhat resistant to further mutation.


Message History

The two-headed ogre completely misses you.
There is a stone staircase leading up here.
Casting: Magic Dart
Confirm with . or Enter, or press ? or * to list all spells.
Aiming: Searing Ray
Press: ? - help, Shift-Dir - straight line, f - two-headed ogre
Aim: a two-headed ogre, wielding a giant club and a giant spiked club The searing ray hits the two-headed ogre.
The two-headed ogre is lightly wounded. (Press . to maintain the ray.)
The two-headed ogre hits you with a giant club!!
The two-headed ogre hits you with a giant spiked club!
The searing ray hits the two-headed ogre.
The two-headed ogre is lightly wounded.
The searing ray hits the two-headed ogre.
The two-headed ogre is moderately wounded.
The two-headed ogre hits you with a giant club!
* * * LOW HITPOINT WARNING * * *
The two-headed ogre hits you with a giant spiked club!
You die...

. .# #. #.#. .
#.#.# .# #.#.##
... .##....# #.#
....... ...
###.#####...##.###
#.....O@##.#.....#
#.#####.##...###.#
#.##.....#
#..))###.# #.####
... #.# ### ..#
.... #####


You could see a two-headed ogre.

Vanquished Creatures
  Sigmund (D:3)
  The ghost of Zubo the Grave Robber, an amateur HuNe (D:3)
  An orc warrior (D:6)
  A phantom (D:4)
  A sky beast (D:6)
  A necrophage (D:6)
  2 ogres (D:5)
  A bullfrog (D:6)
  A scorpion (D:6)
  A howler monkey (D:4)
  A crimson imp (D:5)
  A centaur zombie (D:6)
  2 orc priests
  A bullfrog skeleton (D:6)
  2 hounds
  Jessica (D:2)
  Natasha (thrice) (D:2)
  3 orc wizards
  4 worker ants
  A hound skeleton (D:4)
  A worker ant zombie (D:5)
  A gnoll (D:1)
  7 adders
  An ooze (D:2)
  2 worms (D:2)
  2 dart slugs
  A leopard gecko (D:1)
  14 orcs
  4 giant cockroaches
  4 goblins
  6 hobgoblins
  9 kobolds
  3 quokkas (D:2)
  A ball python (D:3)
  4 bats
  A frilled lizard (D:1)
  8 rats
99 creatures vanquished.

Vanquished Creatures (others)
  A fulminant prism (D:6)
1 creature vanquished.

Grand Total: 100 creatures vanquished

Notes
Turn   | Place    | Note
-------+----------+-------------------------------------------
     0 | D:1      | funkygono the Human Conjurer began the quest for the Orb.
     0 | D:1      | Reached XP level 1. HP: 13/13 MP: 3/3
   212 | D:1      | Reached XP level 2. HP: 19/19 MP: 0/5
   216 | D:1      | Learned a level 2 spell: Searing Ray
   568 | D:1      | Reached XP level 3. HP: 16/24 MP: 3/6
   573 | D:1      | Learned a level 3 spell: Dazzling Spray
   946 | D:2      | Noticed Jessica
   951 | D:2      | Killed Jessica
   951 | D:2      | Reached skill level 5 in Conjurations
   951 | D:2      | Reached XP level 4. HP: 13/30 MP: 1/7
  1565 | D:2      | Noticed Natasha
  1590 | D:2      | Killed Natasha
  1590 | D:2      | Reached XP level 5. HP: 10/35 MP: 0/8
  1971 | D:2      | Noticed Natasha
  1990 | D:2      | Killed Natasha
  1990 | D:2      | Reached skill level 1 in Short Blades
  2300 | D:2      | Noticed Natasha
  2312 | D:2      | Killed Natasha
  2954 | D:3      | Reached XP level 6. HP: 32/41 MP: 4/10
  3259 | D:3      | Noticed Zubo's ghost (amateur HuNe)
  3272 | D:3      | Noticed Sigmund
  3294 | D:3      | Killed Zubo's ghost
  3294 | D:3      | Reached skill level 1 in Fighting
  3294 | D:3      | Reached XP level 7. HP: 34/48 MP: 3/12
  3295 | D:3      | Gained mutation: You are partially covered in slimy green scales. (AC +2) [potion of mutation]
  3295 | D:3      | Gained mutation: You are somewhat resistant to further mutation. [potion of mutation]
  3322 | D:3      | Killed Sigmund
  3533 | D:3      | Learned a level 4 spell: Iskenderun's Mystic Blast
  3645 | D:3      | Found a deep blue altar of Sif Muna.
  3648 | D:3      | Became a worshipper of Sif Muna the Loreminder
  3863 | D:4      | Found a radiant altar of Vehumet.
  3865 | D:4      | Found a glowing silver altar of Zin.
  3914 | D:4      | Reached skill level 1 in Armour
  4173 | D:4      | Reached XP level 8. HP: 47/55 MP: 3/13
  4201 | D:4      | Learned a level 4 spell: Fulminant Prism
  4292 | D:4      | Reached skill level 6 in Conjurations
  4440 | D:4      | Found Raimoez's Food Shoppe.
  4936 | D:5      | Entered Level 5 of the Dungeon
  5220 | D:5      | Found Pemas's Armour Shop.
  5953 | D:6      | Reached * piety under Sif Muna
  6238 | D:6      | Reached XP level 9. HP: 61/61 MP: 11/16
  6399 | D:6      | Reached skill level 5 in Spellcasting
  6478 | D:6      | Noticed a two-headed ogre
  6541 | D:6      | Mangled by a two-headed ogre

Skill      XL: |  1  2  3  4  5  6  7  8  9 |
---------------+----------------------------+-----
Conjurations   | 5 6 |  6.8
Short Blades   | 1 2 3 4 |  4.4
Spellcasting   | 3 4 5 |  5.4
Stealth        | 3 |  3.7
Fighting       | 1 2 |  2.3
Armour         | 1 2 3 |  3.1
Dodging        | 3 |  3.8
Hexes          | |  0.3

Action                   |  1- 3 |  4- 6 |  7- 9 || total
-------------------------+-------+-------+-------++-------
Melee: Unarmed           |     2 |       |       ||     2
       Short sword       |     8 |    44 |    64 ||   116
 Cast: Magic Dart        |    36 |    30 |    63 ||   129
       Searing Ray       |     3 |    13 |    23 ||    39
       Dazzling Spray    |       |     2 |       ||     2
       Iskenderun's Myst |       |       |     3 ||     3
       Fulminant Prism   |       |       |     1 ||     1
  Use: Scroll            |       |     4 |     6 ||    10
       Potion            |       |     1 |     5 ||     6
 Stab: Sleeping          |       |     1 |       ||     1
  Eat: Chunk             |     1 |     8 |     8 ||    17
       Ration            |       |       |     1 ||     1
Armor: Robe              |       |     3 |       ||     3
       Skin              |       |    23 |     6 ||    29
       Leather armour    |       |     2 |    36 ||    38
Dodge: Dodged            |    11 |    25 |    91 ||   127
